 Dungeon Crawl Stone Soup version 0.14-a0-1863-gcc20582 (webtiles) character file.

168 Kae the Ruffian (level 4, -4/35 HPs)
             Began as a Draconian Transmuter on Jan 13, 2014.
             Slain by an orc
             ... wielding a -1,+1 orcish club
              (6 damage)
             ... on Level 3 of the Dungeon.
             The game lasted 00:01:35 (2116 turns).

Kae the Ruffian (Draconian Transmuter)              Turns: 2116, Time: 00:01:35

HP  -4/35        AC  5     Str 13      XL: 4   Next: 78%
MP   6/7         EV 19     Int 13      God:
Gold 46          SH  0     Dex 17      Spells:  1 memorised,  6 levels left

rFire  . . .     SeeInvis .       - Unarmed
rCold  . . .     Clarity  .     (armour unavailable)
rNeg   . . .     Conserve .     (no shield)
rPois  .         rCorr    .     (helmet restricted)
rElec  .         rRot     .     (no cloak)
SustAb . .       Spirit   .     (no gloves)
rMut   .         Warding  .     (boots unavailable)
Saprov . . .     Stasis   .     (no amulet)
MR     .....                    (no ring)
                                e - +2 ring of evasion

@: appendage (expiring), agile, not resistant to hostile enchantments, stealthy
A: unfitting armour, talons 3, AC +5
a: End Transformation


You were on level 3 of the Dungeon.
You were not hungry.
You had grown temporary talons.
You visited 1 branch of the dungeon, and saw 3 of its levels.

You collected 46 gold pieces.

Inventory:

Missiles
 b - 12 arrows
Magical devices
 o - a wand of slowing (2)
Comestibles
 a - a bread ration
 g - 2 meat rations
 i - an apricot
 l - a choko
 p - a chunk of gnoll flesh
Scrolls
 f - 2 scrolls of curse armour {unknown}
 h - a scroll of curse jewellery {unknown}
 j - a scroll of enchant weapon II {unknown}
 k - 2 scrolls of identify {unknown}
 m - a scroll of blinking {unknown}
 n - a scroll of fog {unknown}
Jewellery
 e - a +2 ring of evasion (left hand)
Books
 d - a book of Changes

   Spells                             Type                      Level
   *Beastly Appendage                 Transmutation                1
   Sticks to Snakes                   Transmutation                2
   Spider Form                        Transmutation/Poison         3
   Ice Form                           Ice/Transmutation            4
   Blade Hands                        Transmutation                5


   Skills:
 - Level 1.1 Fighting
 - Level 1.7 Dodging
 + Level 5.6 Unarmed Combat
 - Level 2.0 Spellcasting
 - Level 2.0 Transmutations


You had 6 spell levels left.
You knew the following spells:

 Your Spells              Type           Power        Failure   Level  Hunger
a - Beastly Appendage     Trmt           #.....       12%         1    ##.....


Dungeon Overview and Level Annotations

Branches:
Dungeon (3/16)

Altars:
Cheibriados
Yredelemnul


Innate Abilities, Weirdness & Mutations

Your plain brown scales are hard (AC +5).
Your body does not fit into most forms of armour.
Your cold-blooded metabolism reacts poorly to cold.
You have claws for feet.


Message History

Casting: Beastly Appendage
Confirm with . or Enter, or press ? or * to list all spells.
Your feet morph into talons.
The orc wizard closely misses you.
The orc wizard casts a spell.
The orc wizard blinks!
The orc wizard gestures at you while chanting.
The magic dart hits you!
* * * LOW HITPOINT WARNING * * *
You hit the orc. You tail-slap the orc.
The orc is almost dead.
The orc hits you but does no damage.
The orc wizard hits you but does no damage.
Unknown command.
Unknown command.
Drink which item? (? for menu, Esc to quit)
You feel agile all of a sudden.
It was a potion of agility.
The orc wizard hits you but does no damage.
The orc hits you with an orcish club.
You die...

### #.. #### #.# ...# #.#
...#############.######.#
.................o....?..
...#############@######.#
...# #o###### ...#
#ro....# ...#
#....o..###.# ...#
#.......# ...# #.......#
...# .......... ...#
.......... #### .#.....%.


You could see an orc wizard, 3 orcs and a rat.

Vanquished Creatures
  4 adders (D:2)
  2 gnolls (D:3)
  A worm (D:2)
  2 giant geckos (D:2)
  2 orcs
  2 giant cockroaches
  7 goblins
  7 hobgoblins
  7 jackals
  7 kobolds
  2 ball pythons
  5 bats
  3 giant newts (D:1)
  2 quokkas
  3 rats
56 creatures vanquished.

Notes
Turn   | Place    | Note
--------------------------------------------------------------
     0 | D:1      | Kae, the Draconian Transmuter, began the quest for the Orb.
     0 | D:1      | Reached XP level 1. HP: 16/16 MP: 3/3
   581 | D:1      | Reached XP level 2. HP: 23/23 MP: 4/4
   732 | D:1      | Reached skill level 4 in Unarmed Combat
  1175 | D:1      | Found a basalt altar of Yredelemnul.
  1223 | D:2      | Reached XP level 3. HP: 28/28 MP: 4/6
  1702 | D:2      | Reached XP level 4. HP: 28/35 MP: 7/7
  1731 | D:2      | Reached skill level 5 in Unarmed Combat
  1987 | D:3      | Found a snail-covered altar of Cheibriados.
  2114 | D:3      | HP: 1/35 [orc wizard/magic dart (8)]
  2116 | D:3      | Slain by an orc

Action                   |  1- 3 |  4- 6 || total
-------------------------+-------+-------++-------
Melee: Unarmed           |   157 |    81 ||   238
 Cast: Beastly Appendage |     7 |     3 ||    10
  Use: Potion            |       |     1 ||     1
